 Dungeon Crawl Stone Soup version 0.30.1-9-gdf580d7c3d (webtiles) character file.

Game seed: 5118727224665377734

48610 Chiseanne the Fighter (level 14, -34/121 HPs)
             Began as a Demonspawn Wanderer on Oct 3, 2023.
             Was an Initiate of Gozag.
             Annihilated by Donald
             ... wielding a +1 eveningstar of holy wrath
              (58 damage)
             ... on level 2 of the Orcish Mines on Oct 4, 2023.
             The game lasted 00:54:58 (15547 turns).

Chiseanne the Fighter (Demonspawn Wanderer)        Turns: 15547, Time: 00:54:58

Health: -34/121    AC: 22    Str: 16    XL:     14   Next: 12%
Magic:  15/15      EV: 16    Int: 18    God:    Gozag
Gold:   1406       SH:  9    Dex: 19    Spells: 15/15 levels left

rFire   . . .        a - +4 morningstar (protect)
rCold   . . .        E - +0 kite shield
rNeg    . . .        K - +4 scale mail of the Gate {Int+6}
rPois   +            U - +0 helmet {SInv}
rElec   .            w - scarf {shadows}
rCorr   .            C - +0 pair of gloves
SInv    +            (no boots)
Will    +....        z - amulet "Xushyrghe" {Acrobat rPois Regen+ Str+3} Stlth
                     h - +4 ring of slaying
HPRegen 1.20/turn    Y - +4 ring of protection
MPRegen 0.14/turn

%: acrobat
@: hasted, very quick
A: spiny 1, sharp scales 2, demonic touch 2
a: Renounce Religion, Potion Petition, Call Merchant, Bribe Branch


You were on level 2 of the Orcish Mines.
You worshipped Gozag.
Gozag was most pleased with you.
You visited 3 branches of the dungeon, and saw 18 of its levels.
You also visited: Sewer and Bailey.

You collected 5696 gold pieces.
You spent 2755 gold pieces at shops.
You paid 1535 gold pieces to Gozag.

Inventory:

Hand Weapons
 a - a +4 morningstar of protection (weapon)
 d - the +7 spear of Quiescent Offence {drain, rPois rF+ Will+ Int+2}
   (You found it in a bailey)

   Int:       It affects your intelligence (+2).
   rF:        It protects you from fire.
   rPois:     It protects you from poison.
   Will:      It increases your willpower.
 s - a +7 trident of venom
Missiles
 e - 75 poisoned darts
 k - 10 boomerangs
 A - 5 throwing nets
 H - 3 curare-tipped darts (quivered)
Armour
 w - a scarf of shadows (worn)
 C - a +0 pair of gloves (worn)
 E - a +0 kite shield (worn)
 K - the +4 scale mail of the Gate (worn) {Int+6}
   (You found it on level 5 of the Dungeon)

   Int:       It affects your intelligence (+6).
 U - a +0 helmet of see invisible (worn)
Jewellery
 h - a +4 ring of slaying (left hand)
 l - a +6 ring of dexterity
 z - the amulet "Xushyrghe" (around neck) {Acrobat rPois Regen+ Str+3}
   (You acquired it on level 5 of the Dungeon)

   [amulet of the acrobat]

   It increases your evasion while moving and waiting.
   Str:       It affects your strength (+3).
   rPois:     It protects you from poison.
   Regen:     It increases your rate of health regeneration.
 Y - a +4 ring of protection (right hand)
Wands
 b - a wand of flame (15)
 g - a wand of roots (14)
 m - a wand of light (35)
 I - a wand of charming (20)
 X - a wand of mindburst (2)
Scrolls
 c - 5 scrolls of teleportation
 p - 2 scrolls of blinking
 r - 5 scrolls of fog
 u - a scroll of poison
 L - 2 scrolls of magic mapping
 Z - 2 scrolls of silence
Potions
 f - 3 potions of lignification
 i - 11 potions of curing
 j - 5 potions of haste
 o - 5 potions of cancellation
 q - 6 potions of heal wounds
 v - 3 potions of flight
 D - 5 potions of might
 N - 2 potions of berserk rage
 T - 3 potions of invisibility
Miscellaneous
 P - a lightning rod (4/4)


   Skills:
 * Level 14.6 Fighting
 - Level 2.6 Long Blades
 - Level 12.9 Armour
 * Level 13.3 Dodging
 * Level 2.8 Shields
 - Level 1.0 Spellcasting
 - Level 3.0 Evocations


You had 15 spell levels left.
You didn't know any spells.
Your spell library contained the following spells:

 Spells                   Type           Power      Damage    Failure   Level
 Freeze                   Ice            0%         1d3       83%         1
 Magic Dart               Conj           0%         1d3       83%         1
 Blink                    Tloc           0%         N/A       93%         2
 Call Imp                 Summ           0%         N/A       93%         2
 Lesser Beckoning         Tloc           0%         N/A       93%         2
 Momentum Strike          Conj/Tloc      0%         3d8       93%         2
 Poisonous Vapours        Pois/Air       0%         N/A       93%         2
 Frozen Ramparts          Ice            0%         1d1       99%         3
 Gell's Gravitas          Tloc           0%         N/A       99%         3
 Hailstorm                Conj/Ice       0%         3d3       99%         3
 Inner Flame              Hex/Fire       0%         N/A       99%         3
 Mephitic Cloud           Conj/Pois/Air  0%         N/A       99%         3
 Ozocubu's Armour         Ice            0%         N/A       99%         3
 Stone Arrow              Conj/Erth      0%         3d7       99%         3
 Anguish                  Hex/Necr       0%         N/A       100%        4
 Flame Wave               Conj/Fire      0%         2d4       100%        4
 Leda's Liquefaction      Hex/Erth       0%         N/A       100%        4
 Sticky Flame             Conj/Fire      0%         2d3       100%        4
 Freezing Cloud           Conj/Ice/Air   0%         6-21      100%        5
 Lee's Rapid Deconstruct  Erth           0%         3d4*      100%        5
 Silence                  Hex/Air        0%         N/A       100%        5
 Yara's Violent Unravell  Hex/Tmut       0%         3d3       100%        5
 Statue Form              Tmut/Erth      0%         N/A       100%        6
 Enfeeble                 Hex            0%         N/A       100%        7
 Ozocubu's Refrigeration  Ice            0%         4d7       100%        7
 Borgnjor's Revivificati  Necr           0%         N/A       100%        8
 Necromutation            Tmut/Necr      0%         N/A       100%        8
 Death's Door             Necr           0%         N/A       100%        9
 Polar Vortex             Ice            0%         N/A       100%        9
 Shatter                  Erth           0%         3d5*      100%        9


Dungeon Overview and Level Annotations

Branches:
Dungeon (15/15)            Temple (1/1) D:5            Lair (0/5) D:10
    Orc (2/2) D:9             Elf (0/3) Orc:2        Vaults (0/5) D:14
 Depths (0/4) D:15          Sewer (visited)          Bailey (visited)

Altars:
Ashenzari
Cheibriados
Dithmenos
Fedhas
Gozag
Hepliaklqana
Kikubaaqudgha
Makhleb
Nemelex Xobeh
Okawaru
Qazlal
Ru
Sif Muna
Trog
Uskayaw
Vehumet
Wu Jian
Xom
Yredelemnul

Shops:
D:4 *   D:7 !   D:9 [(   D:12 !   D:15 [   Orc:1 =

Annotations:
D:4 2 runed translucent doors
D:9 3 runed translucent doors, Peloso's ghost, journeyman MiFi
Orc:2 Donald


Innate Abilities, Weirdness & Mutations

You are partially covered in sharp spines.
You are mostly covered in razor-sharp scales. (AC +2, Slay +2)
Your touch may inflict irresistible damage on your foes.


Message History

Blink to where?
Press: ? - help, Dir - move target, p - Donald
As you read the scroll of blinking, it crumbles to dust.
An orc wizard comes into view. It is wielding a +0 dagger.
Items here: )) [[.
Donald is distracted by your dazzling golden aura.
There is a stone staircase leading up here.
Your extra speed is starting to run out.
You are no longer corroded.
You feel yourself slow down.
Reach: s) +7 trident (venom)
Press: ? - help, Dir - move target, f - Donald
Aim: Donald, wielding a +1 eveningstar of holy wrath, wearing a +0 crystal plate armour and wearing a +0 kite shield (about 16% to evade your +7 trident of venom)
You reach to attack!
Donald blocks your attack.
Donald gestures wildly while chanting.
Donald seems to speed up.
You feel yourself speed up.
Donald says, "What do they mine anyway?
I've never seen them mine anything."
Donald hits you with a +1 eveningstar of holy wrath.
You convulse!
You hit Donald.
Donald is poisoned.
Donald is lightly wounded.
Donald says, "I wonder if there's an end to this place."
Donald barely misses you.
You puncture Donald!
Donald looks as sick as possible!
Donald is lightly wounded.
Donald mumbles some strange words.
Donald seems to grow stronger.
Donald hits you with a +1 eveningstar of holy wrath!!
You convulse!!
Your +7 trident of venom stops dripping with poison.
Your +4 morningstar of protection hums with potential!
a - a +4 morningstar of protection (weapon)
Donald blocks your attack.
Donald is moderately wounded.
Donald hits you with a +1 eveningstar of holy wrath!!!
* * * LOW HITPOINT WARNING * * *
You convulse!!!
You die...
Your body crumbles into a pile of gold.

#≈≈.###......... ≈.
##§§............. ≈...
#§≈≈.§........... #≈...
###≈##≈§##..##.....
#≈...####§≈§##§.##..##.....
#≈....≈≈≈§≈§≈≈.............
#≈.......§§§...............
#≈..8..)))).§§.............
#≈.......@@.§§.............
#≈....≈≈§≈§≈§§§............ §§
#≈...####§≈≈##§.##..##..... §§
#≈......###≈##≈.##..##..... ..
#≈.)§§§§..#≈≈§............. ..
#≈.@.§§§..##≈≈.............
.4#####≈.@#####.8#≈≈§.........#<#
..#..≈≈≈§..≈§≈..##≈≈...........##
.)$$..§....§§§..#≈≈≈...#....^...#


You could see Donald (fast, strong, extremely poisoned).

Vanquished Creatures
  A yaktaur captain (D:14)
  2 boulder beetles
  2 tengu warriors (D:15)
  An ogre mage (Orc:2)
  5 centaur warriors
  3 two-headed ogres
  Nergalle (D:11)
  A necromancer (D:15)
  3 wizards
  2 orc sorcerers (Orc:2)
  2 orc knights (D:15)
  4 deep elf pyromancers
  A wolf spider (D:15)
  9 cyclopes
  5 ugly things
  A centaur zombie (D:15)
  6 manticores
  3 naga magi (D:15)
  3 centaur skeletons (D:15)
  7 kobold demonologists
  7 yaktaurs
  A freezing wraith (D:15)
  3 unseen horrors
  A queen bee (D:9)
  5 trolls
  A wind drake (shapeshifter) (D:13)
  21 slime creatures
  A vampire (D:13)
  2 water elementals (D:15)
  10 yaks
  Eustachio (D:4)
  4 wraiths
  4 vampire mosquitoes (D:13)
  A redback simulacrum (D:14)
  2 steam dragons
  2 water moccasins
  6 wargs
  A sky beast (D:8)
  Duvessa (D:4)
  A meliai simulacrum (D:15)
  15 orc warriors
  A black bear (D:6)
  5 ice beasts
  5 ogres
  8 centaurs
  9 wolves
  A phantom (D:4)
  9 kobold brigands
  3 bullfrogs
  A scorpion (D:5)
  8 gnoll sergeants
  16 wights
  Dowan (D:4)
  37 killer bees
  6 howler monkeys
  6 electric eels
  A jelly (D:6)
  9 gnoll boudas
  11 hounds
  13 orc priests
  4 iguanas
  4 sleepcaps
  Ijyb (D:5)
  29 orc wizards
  24 gnolls
  8 adders
  2 worms
  6 dart slugs
  59 orcs
  8 bats
  7 endoplasms
  12 giant cockroaches
  6 goblins
  9 hobgoblins
  4 jackals
  42 kobolds
  4 quokkas
  7 ball pythons
  2 frilled lizards
  9 rats
549 creatures vanquished.

Vanquished Creatures (others)
  A jelly (D:8)
  An orc wizard (Orc:2)
  An orc (Orc:2)
3 creatures vanquished.

Grand Total: 552 creatures vanquished

Notes
Turn   | Place    | Note
-------+----------+-------------------------------------------
     0 | D:1      | Chiseanne the Demonspawn Wanderer began the quest for the
                  | Orb.
     0 | D:1      | Chiseanne set off with the following items: a +3 falchion,
                  | a wand of flame (3), a scroll of teleportation, a +0 robe.
     0 | D:1      | Reached XP level 1. HP: 16/16 MP: 2/2
   205 | D:1      | Gained mutation: You are partially covered in razor-sharp
                  | scales. (AC +1, Slay +1) [demonic ancestry]
   205 | D:1      | Reached XP level 2. HP: 21/23 MP: 3/3
   962 | D:2      | Reached XP level 3. HP: 28/28 MP: 4/4
  1176 | D:2      | Found a faded altar of an unknown god.
  1203 | D:2      | Reached skill level 1 in Armour
  1499 | D:2      | Reached skill level 3 in Fighting
  1805 | D:3      | Reached XP level 4. HP: 27/35 MP: 5/5
  1985 | D:3      | Found Rase's Distillery.
  2468 | D:4      | Found a large runed translucent door.
  2468 | D:4      | Found a large runed translucent door.
  2488 | D:4      | Found a large runed translucent door.
  2488 | D:4      | Found a large runed translucent door.
  2511 | D:4      | Gained mutation: You are partially covered in sharp spines.
                  | [demonic ancestry]
  2511 | D:4      | Reached XP level 5. HP: 37/41 MP: 6/6
  2560 | D:4      | Reached skill level 4 in Fighting
  2590 | D:4      | Noticed an ogre
  2609 | D:4      | Killed an ogre
  2610 | D:4      | Reached XP level 6. HP: 40/48 MP: 7/7
  2669 | D:4      | Identified a scroll of acquirement
  2669 | D:4      | Acquired 842 gold pieces
  2689 | D:4      | Found Coenerr's Assorted Antiques.
  2712 | D:4      | Found a blossoming altar of Fedhas.
  2767 | D:4      | Identified the +5 rapier "Mycvos" {distort, Str+2}
  2777 | D:4      | Reached XP level 7. HP: 42/55 MP: 8/8
  2925 | D:4      | Noticed Duvessa
  2925 | D:4      | Noticed Dowan
  2941 | D:4      | Killed Duvessa
  2941 | D:4      | Killed Dowan
  2942 | D:4      | Reached skill level 5 in Fighting
  3419 | D:5      | Entered Level 5 of the Dungeon
  3421 | D:5      | Noticed Eustachio
  3472 | D:4      | Killed Eustachio
  3513 | D:5      | Reached XP level 8. HP: 61/64 MP: 9/9
  3609 | D:5      | Found a staircase to the Ecumenical Temple.
  3617 | D:5      | Reached skill level 5 in Dodging
  3641 | Temple   | Entered the Ecumenical Temple
  3767 | D:5      | Reached skill level 6 in Fighting
  3786 | D:5      | Noticed Ijyb
  3796 | D:5      | Killed Ijyb
  3971 | D:5      | Identified the +4 scale mail of the Gate {Int+6}
  4064 | D:5      | Reached skill level 5 in Armour
  4284 | D:5      | Noticed a kobold demonologist
  4301 | D:5      | Killed a kobold demonologist
  4302 | D:5      | Reached skill level 7 in Fighting
  4416 | D:5      | Acquired the amulet "Xushyrghe" {Acrobat rPois Regen+
                  | Str+3}
  4474 | D:6      | Found a glowing drain.
  4486 | D:6      | Found a snail-covered altar of Cheibriados.
  4555 | Sewer    | Entered a sewer
  4634 | Sewer    | Reached XP level 9. HP: 71/72 MP: 10/10
  5310 | D:7      | Found a shimmering altar of Xom.
  5311 | D:7      | Found a stormy altar of Qazlal.
  5311 | D:7      | Found an ancient bone altar of Kikubaaqudgha.
  5325 | D:7      | Found an opulent altar of Gozag.
  5325 | D:7      | Found a radiant altar of Vehumet.
  5328 | D:7      | Found a bloodstained altar of Trog.
  5328 | D:7      | Found a basalt altar of Yredelemnul.
  5329 | D:7      | Found a sacrificial altar of Ru.
  5338 | D:7      | Became a worshipper of Gozag Ym Sagoz the Greedy
  5543 | D:7      | Reached skill level 8 in Fighting
  6004 | D:7      | Found Refrotre's Distillery.
  6012 | D:7      | Bought a potion of heal wounds for 75 gold pieces
  6012 | D:7      | Bought a potion of heal wounds for 75 gold pieces
  6012 | D:7      | Bought 2 potions of might for 120 gold pieces
  6012 | D:7      | Bought a potion of berserk rage for 75 gold pieces
  6012 | D:7      | Bought a potion of might for 60 gold pieces
  6070 | D:5      | Gained mutation: Your touch may inflict minor irresistible
                  | damage on your foes. [demonic ancestry]
  6070 | D:5      | Reached XP level 10. HP: 82/82 MP: 11/11
  6094 | D:3      | Bought a potion of brilliance for 44 gold pieces
  6094 | D:3      | Bought a potion of flight for 33 gold pieces
  6094 | D:3      | Bought a potion of curing for 33 gold pieces
  6094 | D:3      | Bought a potion of heal wounds for 55 gold pieces
  6094 | D:3      | Bought a potion of might for 44 gold pieces
  6094 | D:3      | Bought a potion of magic for 88 gold pieces
  6094 | D:3      | Bought a potion of brilliance for 44 gold pieces
  6094 | D:3      | Bought a potion of magic for 88 gold pieces
  6121 | D:4      | Bought 2 potions of curing for 174 gold pieces
  6121 | D:4      | Bought a potion of curing for 87 gold pieces
  6233 | D:8      | Found an ornate altar of the Wu Jian Council.
  6294 | D:8      | Found a flagged portal.
  6305 | Bailey   | Entered a bailey
  6346 | Bailey   | Reached skill level 9 in Fighting
  6573 | Bailey   | Identified the ring of Urimoith {Fire Drain Dex+8 SInv}
  6575 | Bailey   | Identified the +7 spear of Quiescent Offence {drain, rPois
                  | rF+ Will+ Int+2}
  6781 | D:8      | Got the Tome of the Lithic Fair Folk
  6801 | D:8      | Noticed a deep elf pyromancer
  6814 | D:8      | Killed a deep elf pyromancer
  6968 | D:8      | Reached skill level 10 in Fighting
  7854 | D:9      | Bought a glowing helmet for 172 gold pieces
  7868 | D:9      | Bought a faintly humming chain mail for 218 gold pieces
  7868 | D:9      | Identified the +8 chain mail of the Slorg {Will+} (You
                  | bought it in a shop on level 9 of the Dungeon)
  8152 | D:9      | Noticed a sixfirhy
  8154 | D:9      | Reached XP level 11. HP: 85/90 MP: 12/12
  8156 | D:9      | Found a staircase to the Orcish Mines.
  8499 | D:9      | Found a runed translucent gate.
  8499 | D:9      | Found a runed translucent gate.
  8499 | D:9      | Found a runed translucent gate.
  8504 | D:9      | Noticed Peloso's ghost (journeyman MiFi)
  8663 | D:9      | Found Puem's Antique Weapon Shop.
  8793 | D:10     | Entered Level 10 of the Dungeon
  8837 | D:10     | Noticed a wizard
  8839 | D:10     | Noticed a deep elf pyromancer
  8848 | D:10     | Noticed a wizard
  8850 | D:10     | Killed a wizard
  8853 | D:10     | Killed a wizard
  8865 | D:10     | Reached skill level 11 in Fighting
  8866 | D:10     | Killed a deep elf pyromancer
  8867 | D:10     | Reached skill level 10 in Dodging
  8879 | D:10     | Got the Codex of Sand
  8894 | D:10     | Got Sif Muna's Quarto of Dhcmrlchtdj
  8902 | D:10     | Got the Volume of Plaster Cramp
  8963 | D:10     | Noticed a deep elf pyromancer
  8978 | D:10     | Killed a deep elf pyromancer
  9013 | D:10     | Reached skill level 10 in Armour
  9065 | D:10     | Found a staircase to the Lair.
  9297 | D:10     | Noticed a sun demon
  9427 | D:10     | Noticed a two-headed ogre
  9436 | D:10     | Killed a two-headed ogre
  9625 | D:11     | Noticed a boulder beetle
  9650 | D:11     | Killed a boulder beetle
  9651 | D:11     | Reached XP level 12. HP: 101/101 MP: 13/13
  9693 | D:11     | Noticed Nergalle
  9704 | D:11     | Killed Nergalle
  9830 | D:11     | Noticed a two-headed ogre
  9843 | D:11     | Killed a two-headed ogre
  9847 | D:11     | Reached skill level 12 in Fighting
 10845 | D:12     | Noticed a two-headed ogre
 10858 | D:12     | Killed a two-headed ogre
 11007 | D:12     | Found Liotz's Distillery.
 11116 | D:12     | Bought a potion of haste for 140 gold pieces
 11116 | D:12     | Bought a potion of curing for 42 gold pieces
 11116 | D:12     | Bought a potion of heal wounds for 70 gold pieces
 11116 | D:12     | Bought a potion of curing for 42 gold pieces
 11116 | D:12     | Bought a potion of haste for 140 gold pieces
 11116 | D:12     | Bought a potion of might for 56 gold pieces
 11831 | D:13     | Reached skill level 13 in Fighting
 11993 | D:13     | Gained mutation: Your touch may inflict irresistible damage
                  | on your foes. [demonic ancestry]
 11993 | D:13     | Reached XP level 13. HP: 105/111 MP: 14/14
 12353 | D:14     | Found an opulent altar of Gozag.
 12683 | D:14     | Found a gate to the Vaults.
 13340 | D:15     | Entered Level 15 of the Dungeon
 13606 | D:15     | Reached skill level 14 in Fighting
 14090 | D:15     | Reached skill level 1 in Shields
 14152 | D:15     | Found a staircase to the Depths.
 14159 | D:15     | Gained mutation: You are mostly covered in razor-sharp
                  | scales. (AC +2, Slay +2) [demonic ancestry]
 14159 | D:15     | Reached XP level 14. HP: 121/121 MP: 15/15
 14666 | Orc:1    | Entered Level 1 of the Orcish Mines
 14690 | Orc:1    | Found Ythanwen's Jewellery Shop.
 14697 | Orc:1    | Bought a +4 ring of slaying for 780 gold pieces
 14756 | Orc:2    | Entered Level 2 of the Orcish Mines
 14771 | Orc:2    | Found a staircase to the Elven Halls.
 15365 | Orc:2    | Paralysed by an orc sorcerer for 2 turns
 15397 | Orc:2    | Found an ancient bone altar of Kikubaaqudgha.
 15415 | Orc:2    | Noticed Donald
 15547 | Orc:2    | Annihilated by Donald

Illustrated notes

Levels and vault maps discovered:
D:1:      shiori_arrival_elements, layout_loops_ring
D:2:      minmay_roachtagon, layout_loops_ring,
          shapermc_ecumenical_altar_flowoftime
D:3:      layout_rooms, dreamdust_divine_triumvirate, serial_shops,
          nicolae_shop_industrial_runoff
D:4:      layout_cave_pools, overflow_temple_1_default, serial_shops, shop,
          minmay_hollow_rounded_squares, uniq_duvessa
D:5:      layout_cave_pools, minmay_temple_entry_purple_smoke,
          corexii_hall_statues_s, minmay_bent, uniq_ijyb, uniq_eustachio
D:6:      layout_cave_pools, kennysheep_slug_shrine,
          cheibrodos_sewer_entry_sluice, serial_column_ruins,
          column_ruins_open_tiny, column_ruins_corridor_dead_end,
          column_ruins_grid_1, column_ruins_columns_corner,
          hangedman_abyss_or_decor_jellyfish_corner
D:7:      layout_loops_corners, grunt_temple_overflow_open, serial_shops, shop,
          kennysheep_cluttered_room
D:8:      layout_layer_cave, nzn_wu_jian_contemplation, enter_bailey_2,
          hangedman_decor_peaks_small, grunt_potential
D:9:      layout_roguey [special_room_bee], minmay_orc_entry_temple_large,
          serial_shops, nicolae_shop_real_fake_doors, ebering_ghost_rock_garden
D:10:     layout_long_grid, erik_lair_island, bh_hangedman_babel_library
D:11:     layout_loops_ring, hangedman_decor_points, uniq_nergalle
D:12:     layout_loops_ring, serial_shops, nicolae_inconvenience_store
D:13:     layout_long_grid
D:14:     layout_roguey, david_vaults_2, grunt_gozag_statues
D:15:     grunt_enter_depths_magical_seal, layout_long_grid,
          kennysheep_crisscross
Temple:   nicolae_temple_superstar
Orc:1:    layout_diamond_mine, biasface_ghost_orc_armoury, serial_shops,
          nicolae_shop_bloodbath_and_beyond, portal_ice_cave_entry_pillars_2,
          minmay_shop_enchanted_jewellery, roderic_batcave,
          okawaru_metal_pillars_3
Orc:2:    kennysheep_orc_mage_school, layout_caves, nooodl_orcs_dogs,
          uniq_donald

Skill      XL: |  1  2  3  4  5  6  7  8  9 10 11 12 13 14 |
---------------+-------------------------------------------+-----
Dodging        | 2 3 4 6 7 9 10 11 13 | 13.3
Armour         | 1 2 3 4 5 7 8 10 11 12 | 12.9
Fighting       | 3 4 5 7 8 10 11 13 14 | 14.6
Shields        | 1 2 |  2.8
Long Blades    | |  2.6
Spellcasting   | |  1.0
Evocations     | |  3.0

Action                     |  1- 3 |  4- 6 |  7- 9 | 10-12 | 13-15 || total
---------------------------+-------+-------+-------+-------+-------++-------
  Melee: Falchion          |   116 |    69 |     7 |       |       ||   192
         Whip              |       |    23 |    58 |    37 |       ||   118
         Rapier            |       |       |    44 |       |       ||    44
         Morningstar       |       |       |   128 |   567 |   361 ||  1056
         Short sword       |       |       |     7 |       |       ||     7
         Punch             |       |       |     3 |    15 |     3 ||    21
         Touch             |       |       |       |   137 |    54 ||   191
         Trident           |       |       |       |       |    25 ||    25
  Throw: Dart              |       |       |     5 |     6 |     3 ||    14
         Throwing net      |       |       |       |     3 |       ||     3
 Invoke: Call Merchant     |       |       |       |     1 |     1 ||     2
  Evoke: Wand              |       |       |     4 |    11 |     7 ||    22
         Lightning rod     |       |       |       |       |     1 ||     1
    Use: Scroll            |     6 |     5 |     7 |     7 |     4 ||    29
         Potion            |       |     1 |       |     3 |     7 ||    11
   Stab: Sleeping          |     2 |       |       |       |       ||     2
         Invisible         |       |     2 |       |       |       ||     2
         Distracted        |       |       |       |     5 |     4 ||     9
         Held in net/web   |       |       |       |     3 |       ||     3
 Armour: Robe              |     5 |       |       |       |       ||     5
         Leather armour    |    27 |       |       |       |       ||    27
         Ring mail         |       |    20 |    11 |       |       ||    31
         Scale mail        |       |       |    82 |   404 |   316 ||   802
  Dodge: Dodged            |    78 |    45 |   200 |   953 |   532 ||  1808
  Block: Kite shield       |       |       |       |       |   129 ||   129
